 Dungeon Crawl Stone Soup version 0.30-a0-292-g0f741e3f8e (webtiles) character file.

Game seed: 9333222755644969401

87 chippings the Ducker (level 4, 0/35 HPs)
             Began as a Merfolk Gladiator on Oct 17, 2022.
             Slain by a gnoll
             ... wielding a +0 spear
              (3 damage)
             ... on level 2 of the Dungeon.
             The game lasted 00:02:33 (909 turns).

chippings the Ducker (Merfolk Gladiator)             Turns: 909, Time: 00:02:33

Health: 0/35       AC:  4    Str: 14    XL:     4   Next: 51%
Magic:  4/4        EV: 14    Int:  7    God:
Gold:   70         SH:  0    Dex: 17    Spells: 3/3 levels left

rFire   . . .      SeeInvis .    a - +0 long sword
rCold   . . .      Faith    .    (no shield)
rNeg    + . .      Spirit   .    b - +0 leather armour
rPois   .          Reflect  .    c - +0 helmet
rElec   .          Harm     .    (no cloak)
rCorr   .          Rampage  .    (no gloves)
Will    .....                    (no boots)
Stlth   +.........               (no amulet)
HPRegen 0.25/turn                g - ring of positive energy
MPRegen 0.09/turn                (no ring)

@: no status effects
A: (nimble swimmer 2), mertail
a: no special abilities


You were on level 2 of the Dungeon.
You visited 1 branch of the dungeon, and saw 2 of its levels.

You collected 70 gold pieces.

Inventory:

Hand Weapons
 a - a +0 long sword (weapon)
Missiles
 d - 3 throwing nets (quivered)
Armour
 b - a +0 leather armour (worn)
 c - a +0 helmet (worn)
Jewellery
 g - a ring of positive energy (left hand)
Scrolls
 j - a scroll of fear


   Skills:
 + Level 3.1 Fighting
 + Level 4.4 Long Blades
 + Level 2.8 Throwing
 + Level 4.8 Dodging


You had 3 spell levels left.
You didn't know any spells.
Your spell library contained the following spells:

 Spells                   Type           Power      Damage    Failure   Level
 Magic Dart               Conj           0%         1d3       52%         1
 Call Imp                 Summ           0%         N/A       65%         2
 Mephitic Cloud           Conj/Pois/Air  0%         N/A       87%         3


Dungeon Overview and Level Annotations

Branches:
Dungeon (2/15)

Altars:


Innate Abilities, Weirdness & Mutations

((You are very nimble when in or above water. (Stealth+, EV+, Speed+++)))
Your lower body shifts to a powerful aquatic tail in water.


Message History

You feel less wooden.
Your +0 helmet unmelds from your body.
Your +0 leather armour unmelds from your body.
The gnoll hits you from afar with a +0 spear.
Okay, then.
The gnoll completely misses you.
You closely miss the gnoll. The gnoll hits you but does no damage.
You slash the gnoll!
The gnoll is heavily wounded.
You hit the gnoll.
The gnoll is severely wounded.
The gnoll closely misses you.
You slash the gnoll!
You kill the gnoll!
The gnoll hits you with a +1 vorpal flail!
You slash the gnoll!
The gnoll is severely wounded.
The gnoll barely misses you. The gnoll misses you.
You hit the gnoll but do no damage.
The gnoll is severely wounded.
The gnoll completely misses you.
You hit the gnoll.
You kill the gnoll!
You barely miss the gnoll. The gnoll hits you with a +0 spear!
* * * LOW HITPOINT WARNING * * *
You hit the gnoll.
The gnoll is moderately wounded.
The gnoll hits you but does no damage.
You slash the gnoll!
The gnoll is almost dead.
The gnoll hits you with a +0 spear.
* * * LOW HITPOINT WARNING * * *
The gnoll misses you.
You barely miss the gnoll. Your punch misses the gnoll.
The gnoll is almost dead.
The gnoll hits you but does no damage.
You hit the gnoll but do no damage.
The gnoll is almost dead.
The gnoll hits you with a +0 spear.
You die...

#.# #.#
#.# #.#
#.# #.#
##### #.#
#.g)# #.#
#)#@#####
#.#
#g#.....#
#.#
#g#####.#
#.# #.
#.# #.#
.. #.#
#.# #.
#.# #.#
##
#.####.#
#......#
########


You could see a gnoll.

Vanquished Creatures
  Jessica (D:2)
  3 gnolls
  3 ball pythons (D:1)
  2 endoplasms (D:1)
  4 goblins (D:1)
  4 hobgoblins (D:1)
  3 quokkas (D:1)
  5 bats (D:1)
  2 frilled lizards (D:1)
  4 kobolds
  2 rats (D:1)
33 creatures vanquished.

Notes
Turn   | Place    | Note
-------+----------+-------------------------------------------
     0 | D:1      | chippings the Merfolk Gladiator began the quest for the
                  | Orb.
     0 | D:1      | Reached XP level 1. HP: 16/16 MP: 1/1
    48 | D:1      | Reached XP level 2. HP: 23/23 MP: 2/2
   355 | D:1      | Reached XP level 3. HP: 16/28 MP: 3/3
   865 | D:2      | Noticed Jessica
   873 | D:2      | Killed Jessica
   874 | D:2      | Reached XP level 4. HP: 35/35 MP: 4/4
   909 | D:2      | Slain by a gnoll

Illustrated notes

Levels and vault maps discovered:
D:1:      dpeg_arrival_orchard, layout_loops_cross
D:2:      layout_basic, uniq_robin, uniq_jessica

Skill      XL: |  1  2  3 |
---------------+----------+-----
Long Blades    | 4 |  4.4
Fighting       | 3 |  3.1
Throwing       | |  2.8
Dodging        | |  4.8

Action                   |  1- 3 |  4- 6 || total
-------------------------+-------+-------++-------
Melee: Long sword        |    83 |    12 ||    95
       Punch             |     1 |       ||     1
Throw: Javelin           |       |     1 ||     1
  Use: Scroll            |     3 |       ||     3
       Potion            |     1 |     1 ||     2
 Stab: Sleeping          |     1 |       ||     1
Armor: Leather armour    |    24 |     3 ||    27
       Skin              |     3 |    13 ||    16
Dodge: Dodged            |    67 |     8 ||    75

Table legend: (Time is in decaauts)
 A = Elapsed time spent in this place.
 B = Non-inter-level travel time spent in this place.
 C = Inter-level travel time spent in this place.
 D = Time resting spent in this place.
 E = Time spent auto-exploring this place.
 F = Levels seen in this place.
 G = Mean time per level.
                   A        B        C        D        E       F      G
               +--------+--------+--------+--------+--------+-----+--------+
         Total |    928 |    923 |      5 |      0 |    568 |   2 |  464.0 |
       Dungeon |    928 |    923 |      5 |      0 |    568 |   2 |  464.0 |
               +--------+--------+--------+--------+--------+-----+--------+

Top non-repeatable levels by time:
     D:1: 721 daAuts
     D:2: 206 daAuts
